 Dungeon Crawl Stone Soup version 0.20.1-1-g8b1a95d (webtiles) character file.

4722 pstr the Destroyer (level 10, 0/56 HPs)
             Began as a Kobold Conjurer on Nov 28, 2017.
             Was a Priest of Yredelemnul.
             Slain by a two-headed ogre
             ... wielding a cursed +0 giant club
              (21 damage)
             ... on level 8 of the Dungeon.
             The game lasted 00:30:50 (11467 turns).

pstr the Destroyer (Kobold Conjurer)               Turns: 11467, Time: 00:30:51

Health: 0/56       AC: 12    Str:  5    XL:     10   Next: 73%
Magic:  10/22      EV: 14    Int: 19    God:    Yredelemnul [***...]
Gold:   456        SH:  0    Dex: 17    Spells: 22/25 levels left

rFire    + . .     SeeInvis .   G - staff of death
rCold    . . .     Gourm    +   (shield currently unavailable)
rNeg     + . .     Faith    .   u - +3 ring mail {rF+}
rPois    .         Spirit   .   (helmet restricted)
rElec    .         Reflect  .   q - +0 cloak
rCorr    +         Harm     .   g - +0 pair of gloves
MR       .....                  A - +0 pair of boots
Stlth    +.........             r - amulet of the gourmand
Regen    0.6/turn               D - ring of resist corrosion
MPRegen  0.2/turn               t - ring of loudness

@: no status effects
A: beak, carnivore 3, regeneration 1
a: Recall Undead Slaves, Injury Mirror, Animate Dead, Renounce Religion


You were on level 8 of the Dungeon.
You worshipped Yredelemnul.
Yredelemnul was most pleased with you.
You were completely stuffed.

You visited 1 branch of the dungeon, and saw 8 of its levels.

You collected 456 gold pieces.

Inventory:

Hand Weapons
 j - a +2 quarterstaff of chaos
Missiles
 e - 258 stones (quivered)
 n - 184 arrows
Armour
 a - a +0 robe
 g - a +0 pair of gloves (worn)
 m - a +0 helmet
 q - a +0 cloak (worn)
 u - a +3 ring mail of fire resistance (worn)
 v - a +2 buckler
 A - a +0 pair of boots (worn)
Magical Staves
 G - an uncursed staff of death (weapon)
Jewellery
 k - an uncursed ring of protection from fire
 r - an amulet of the gourmand (around neck)
 t - a ring of loudness (right hand)
 y - a cursed ring of loudness
 D - a ring of resist corrosion (left hand)
Wands
 w - a wand of flame (46/48)
 B - a wand of iceblast (8/15)
 C - a wand of random effects (26/48)
Scrolls
 d - 4 scrolls of identify
 h - a scroll of teleportation
 i - 2 scrolls of amnesia
 l - a scroll of blinking
 p - a scroll of recharging
 E - a scroll of fear
Potions
 o - a potion of invisibility
 s - a potion of flight
 x - a potion of agility
 z - a potion of magic
 F - a potion of berserk rage {unknown}
 H - a potion of curing
 I - a potion of cancellation
Books
 b - a book of Conjurations

   Spells                             Type                      Level
   a - Magic Dart                     Conjuration                  1
   b - Searing Ray                    Conjuration                  2
   c - Dazzling Spray                 Conjuration/Hexes            3
   d - Fulminant Prism                Conjuration/Hexes            4
   e - Force Lance                    Conjuration/Translocation    4
   f - Iskenderun's Mystic Blast      Conjuration                  4
Comestibles
 c - 3 meat rations
 f - 2 royal jellies
 J - a chunk of flesh


   Skills:
 + Level 3.1 Fighting
 + Level 2.3 Staves
 + Level 5.4 Armour
 + Level 6.2 Dodging
 + Level 4.5 Stealth
 + Level 1.9 Shields
 + Level 8.2 Spellcasting
 + Level 9.0 Conjurations


You had 22 spell levels left.
You knew the following spells:

 Your Spells              Type           Power        Failure   Level  Hunger
a - Magic Dart            Conj           ####         1%          1    None
b - Searing Ray           Conj           #####.       1%          2    None


Dungeon Overview and Level Annotations

Branches:
Dungeon (8/15)             Temple (0/1) D:5
   Lair: D:8-11

Altars:
Dithmenos
Gozag
Okawaru
Yredelemnul


Innate Abilities, Weirdness & Mutations

You are small and have problems with some larger weapons.
You are carnivorous and can eat meat at any time.
You have a beak for a mouth.
Your natural rate of healing is unusually fast.


Message History

The two-headed ogre hits you with a giant spiked club!
The searing ray misses the two-headed ogre.
The searing ray hits the two-headed ogre.
The two-headed ogre is almost dead.
You finish channeling your searing ray.
The two-headed ogre closely misses you.
The two-headed ogre hits you but does no damage.
Casting: Searing Ray
Confirm with . or Enter, or press ? or * to list all spells.
Aiming: Searing Ray
Press: ? - help, Shift-Dir - straight line, f/p - two-headed ogre
Aim: a two-headed ogre, wielding a giant club and a giant spiked club (almost dead)
The searing ray misses the two-headed ogre. (Press . to maintain the ray.)
The two-headed ogre misses you.
The two-headed ogre hits you but does no damage.
The searing ray hits the two-headed ogre.
The two-headed ogre is almost dead.
The two-headed ogre hits you with a giant club!!
You die...
Your body rises from the dead as a mindless zombie.

########################
................@O......
#.###### ######.##.?....
.......########.# .....
######.#........# ....
.._..#..........# ....
.....#..........# .....
.#.#.#.#........##......
8#)#8#.#................
##.###.#######..##......


You could see a two-headed ogre.

Vanquished Creatures
  A two-headed ogre (D:8)
  The ghost of Dustman the Skirmisher, a novice HuGl of Makhleb (D:6)
  2 humans (D:8)
  Edmund (D:5)
  3 ice beasts (D:5)
  2 sky beasts
  3 orc warriors
  A phantom (D:7)
  2 ogres
  The ghost of Dustman the Chopper, an amateur HuGl (D:3)
  A centaur (D:7)
  3 bullfrogs
  A wyvern skeleton (D:7)
  3 howler monkeys
  6 crimson imps
  A quasit (D:4)
  A centaur zombie (D:5)
  4 hounds
  4 jellies
  A gnoll shaman (D:5)
  Crazy Yiuf (D:2)
  An orc priest (D:4)
  2 iguanas
  Terence (D:3)
  15 orc wizards
  Natasha (thrice) (D:2)
  3 worker ants
  A killer bee zombie (D:5)
  2 hound skeletons
  A worker ant zombie (D:5)
  7 gnolls
  10 adders
  An ooze (D:7)
  An adder zombie (D:8)
  An adder skeleton (D:6)
  6 worms
  4 dart slugs
  8 leopard geckos
  36 orcs
  4 giant cockroaches
  5 goblins
  6 hobgoblins
  30 jackals
  8 kobolds
  5 quokkas
  A ball python skeleton (D:5)
  5 bats
  10 frilled lizards
  2 leopard gecko skeletons
  5 rats
  A spectral orc (D:3)
228 creatures vanquished.

Notes
Turn   | Place    | Note
-------+----------+-------------------------------------------
     0 | D:1      | pstr the Kobold Conjurer began the quest for the Orb.
     0 | D:1      | Reached XP level 1. HP: 10/10 MP: 3/3
   256 | D:1      | Reached XP level 2. HP: 4/15 MP: 0/5
   501 | D:1      | Learned a level 2 spell: Searing Ray
   958 | D:1      | Reached XP level 3. HP: 15/19 MP: 0/6
  1381 | D:1      | Reached XP level 4. HP: 24/24 MP: 2/7
  1861 | D:2      | Reached skill level 5 in Conjurations
  1869 | D:2      | Found a runed door.
  1879 | D:2      | Noticed Crazy Yiuf
  1884 | D:2      | Killed Crazy Yiuf
  2178 | D:2      | Noticed Natasha
  2183 | D:2      | Killed Natasha
  2183 | D:2      | Reached XP level 5. HP: 22/28 MP: 2/10
  2295 | D:2      | Noticed Natasha
  2300 | D:2      | Killed Natasha
  2434 | D:2      | Noticed Natasha
  2437 | D:2      | Killed Natasha
  2776 | D:3      | Noticed Dustman's ghost (amateur HuGl)
  2791 | D:3      | Killed Dustman's ghost
  2791 | D:3      | Reached XP level 6. HP: 33/33 MP: 0/12
  2952 | D:3      | Found a basalt altar of Yredelemnul.
  2962 | D:3      | Became a worshipper of Yredelemnul the Dark
  3000 | D:3      | Noticed Terence
  3007 | D:3      | Killed Terence
  3625 | D:3      | Reached XP level 7. HP: 37/37 MP: 8/13
  4058 | D:4      | Reached skill level 1 in Staves
  4114 | D:4      | Reached skill level 6 in Conjurations
  4118 | D:4      | Reached * piety under Yredelemnul
  4471 | D:4      | Reached skill level 5 in Spellcasting
  5109 | D:4      | Reached skill level 1 in Armour
  5331 | D:4      | Reached XP level 8. HP: 42/42 MP: 8/16
  5450 | D:5      | Entered Level 5 of the Dungeon
  5458 | D:5      | Reached skill level 1 in Fighting
  5805 | D:5      | Noticed Edmund
  5843 | D:5      | Killed Edmund
  6095 | D:5      | Reached skill level 7 in Conjurations
  6227 | D:5      | Reached ** piety under Yredelemnul
  6234 | D:5      | Found a staircase to the Ecumenical Temple.
  6647 | D:5      | Reached XP level 9. HP: 48/48 MP: 9/18
  7230 | D:6      | Found a shadowy altar of Dithmenos.
  7316 | D:6      | Noticed Dustman's ghost (novice HuGl)
  7559 | D:6      | Gained mutation: Your natural rate of healing is unusually fast. [potion of mutation]
  7559 | D:6      | Gained mutation: You have a beak for a mouth. [potion of mutation]
  8176 | D:5      | Reached skill level 5 in Dodging
  8176 | D:5      | Reached skill level 1 in Shields
  8938 | D:6      | Reached *** piety under Yredelemnul
  9404 | D:6      | Killed Dustman's ghost
  9404 | D:6      | Reached skill level 8 in Conjurations
  9404 | D:6      | Reached XP level 10. HP: 52/54 MP: 2/21
  9844 | D:7      | Reached skill level 5 in Armour
 10832 | D:8      | Found an iron altar of Okawaru.
 11283 | D:8      | Found an opulent altar of Gozag.
 11351 | D:8      | Noticed a two-headed ogre
 11357 | D:8      | Killed a two-headed ogre
 11357 | D:8      | Reached skill level 9 in Conjurations
 11457 | D:8      | Noticed a two-headed ogre
 11467 | D:8      | Slain by a two-headed ogre

Skill      XL: |  1  2  3  4  5  6  7  8  9 10 |
---------------+-------------------------------+-----
Conjurations   | 5 6 7 8 9 |  9.0
Stealth        | 3 4 |  4.5
Spellcasting   | 3 4 5 6 7 8 |  8.2
Dodging        | 3 4 5 6 |  6.2
Staves         | 1 2 |  2.3
Armour         | 1 2 4 5 |  5.4
Fighting       | 1 2 3 |  3.1
Shields        | 1 |  1.9

Action                   |  1- 3 |  4- 6 |  7- 9 | 10-12 || total
-------------------------+-------+-------+-------+-------++-------
Melee: Unarmed           |     1 |       |     3 |       ||     4
       Quarterstaff      |       |     5 |     9 |       ||    14
 Cast: Magic Dart        |    59 |    53 |    57 |    23 ||   192
       Searing Ray       |     2 |    23 |   114 |    41 ||   180
  Use: Potion            |       |     2 |    12 |       ||    14
       Scroll            |       |       |    11 |       ||    11
 Stab: Invisible         |       |     2 |       |       ||     2
  Eat: Chunk             |    10 |     8 |    18 |     6 ||    42
Armor: Robe              |     5 |     2 |       |       ||     7
       Skin              |       |     3 |       |       ||     3
       Ring mail         |       |     1 |   146 |    12 ||   159
Dodge: Dodged            |    15 |    24 |   188 |    25 ||   252
Block: Buckler           |       |       |    79 |     4 ||    83
